 Dungeon Crawl Stone Soup version 0.22-a0-322-g60b3cfd (webtiles) character file.

39 Kairos the Covered (level 3, 30/30 HPs)
             Began as a Barachi Fighter on Apr 5, 2018.
             Was an Initiate of Okawaru.
             Got out of the dungeon alive.
             The game lasted 00:01:44 (1116 turns).

Kairos the Covered (Barachi Fighter)                Turns: 1116, Time: 00:01:45

Health: 30/30      AC:  8    Str: 17    XL:     3   Next: 45%
Magic:  3/3        EV:  7    Int:  8    God:    Okawaru [......]
Gold:   101        SH:  9    Dex: 12    Spells: 2/2 levels left

rFire    . . .     SeeInvis .   a - +0 long sword
rCold    . . .     Gourm    .   c - +0 shield
rNeg     . . .     Faith    .   b - +0 scale mail
rPois    .         Spirit   .   (no helmet)
rElec    .         Reflect  .   (no cloak)
rCorr    .         Harm     .   (no gloves)
MR       .....                  r - +0 pair of boots
Stlth    ..........             (no amulet)
HPRegen  0.10/turn              (no ring)
MPRegen  0.08/turn              (no ring)

@: slow
A: +LOS, swims, slowness 1, strong legs 1
a: Hop, Renounce Religion


You escaped.
You worshipped Okawaru.
Okawaru was noncommittal.
You were very hungry.

You visited 1 branch of the dungeon, and saw 2 of its levels.

You collected 101 gold pieces.

Inventory:

Hand Weapons
 a - a +0 long sword (weapon)
Armour
 b - a +0 scale mail (worn)
 c - a +0 shield (worn)
 r - a +0 pair of boots (worn)
Scrolls
 e - a scroll of magic mapping {unknown}
 g - 2 scrolls of identify {unknown}
 l - a scroll of remove curse {unknown}
 m - a scroll of fog {unknown}
 n - a scroll of enchant armour {unknown}
 p - a scroll of teleportation {unknown}
Potions
 d - 2 potions of might
 h - a potion of heal wounds {unknown}
 i - a potion of agility {unknown}
 j - a potion of degeneration {unknown}
 k - 3 potions of curing {unknown}
 o - a potion of mutation {unknown}
 q - a potion of invisibility {unknown}
Comestibles
 f - 3 rations


   Skills:
 + Level 4.0 Fighting
 + Level 2.7 Long Blades
 + Level 4.0 Armour
 + Level 0.8 Dodging
 + Level 0.1 Stealth
 + Level 3.9 Shields


You had 2 spell levels left.
You didn't know any spells.

Dungeon Overview and Level Annotations

Branches:
Dungeon (2/15)

Altars:
Ashenzari
Fedhas
Kikubaaqudgha
Okawaru
Zin
The Shining One


Innate Abilities, Weirdness & Mutations

Shadows flee at your approach. (+LOS)
You can swim through water.
You cover ground slowly.
You can hop short distances.


Message History

There is a stone staircase leading down here.
You climb downwards.
There is a stone staircase leading up here.
You are feeling very hungry.
You can't go down here!
You see here a pair of boots.
r - a pair of boots You start putting on your armour.
You continue putting on your pair of boots. x4
You finish putting on your +0 pair of boots.
There is a stone staircase leading up here.
You climb upwards.
There is a stone staircase leading down here.
You see here a club.
There is a large open door here.
There is a large open door here.
There is a large open door here.
There is a staircase leading out of the dungeon here.
Are you sure you want to leave the Dungeon?
This will make you lose the game!
You have escaped!

#........†.≈≈≈≈≈≈≈≈≈≈≈≈≈≈≈≈≈≈..
#..[.......≈..8..........8..≈..
##.........≈.##############.≈..
##.....##.≈8#.#.≈≈.#≈≈≈≈≈#8≈..
##..#####†.#.#.≈≈.#≈...≈#.≈..
##....##≈.#.#.≈≈.#≈.#.≈#.≈#.
####.##≈.#.#.≈≈.#≈.#.≈#8≈#.
#.#.≈.#.#.≈≈.#≈.#.≈#.≈..
#...≈.#@'....'..#..'..).
##.#≈.#.'....'..#..'....
###≈.#.#.≈≈.#≈.#.≈#.≈..
##..≈.#.#.§≈.#≈.#.≈#8≈..
##...≈.#.#§≈≈.#≈.#.≈#.≈..
#....≈.#.#.≈≈.#≈...≈#.≈..
#....≈8#.#.≈≈.#≈≈≈≈≈#8≈..
#....≈.##############.≈##
#....≈..8..........8..≈#


There were no monsters in sight!

Vanquished Creatures
  An adder (D:2)
  A dart slug (D:1)
  2 giant cockroaches (D:2)
  3 goblins
  7 hobgoblins
  7 bats
  A frilled lizard (D:1)
  3 kobolds
  A rat (D:2)
26 creatures vanquished.

Notes
Turn   | Place    | Note
-------+----------+-------------------------------------------
     0 | D:1      | Kairos the Barachi Fighter began the quest for the Orb.
     0 | D:1      | Reached XP level 1. HP: 18/18 MP: 1/1
   134 | D:1      | Reached XP level 2. HP: 19/25 MP: 2/2
   595 | D:2      | Reached XP level 3. HP: 23/30 MP: 3/3
   696 | D:2      | Found a glowing silver altar of Zin.
   867 | D:2      | Found an iron altar of Okawaru.
   870 | D:2      | Found a shattered altar of Ashenzari.
   871 | D:2      | Found a blossoming altar of Fedhas.
   884 | D:2      | Found a glowing golden altar of the Shining One.
   888 | D:2      | Found an ancient bone altar of Kikubaaqudgha.
   903 | D:2      | Became a worshipper of Warmaster Okawaru
  1116 | D:$      | Got out of the dungeon alive.

Vault maps used:
D:1:      lightli_arrival_isolated_outpost, minmay_pentomino_o2
D:2:      lemuel_crystal_altar, minmay_overflow_temple_star_hex,
          minmay_strange_pillars, st_stairs_9

Skill      XL: |  1  2 |
---------------+-------+-----
Armour         | 4 |  4.0
Fighting       | 4 |  4.0
Long Blades    | |  2.7
Dodging        | |  0.8
Stealth        | |  0.1
Shields        | |  3.9

Action                   || total
-------------------------++-------
Melee: Long sword        ||    71
Armor: Scale mail        ||    48
Dodge: Dodged            ||    36
Block: Shield            ||    56
       Rpst.: Long sword ||     8

Table legend:
 A = Spawn XP
 B = Non-spawn XP
 C = Spawn XP percentage of total XP
 D = Spawn monster count
 E = Non-spawn monster count
 F = Spawn count percentage of total count
 G = Total turns spent on level
                    A         B        C        D         E        F      G
               +---------+---------+-------+---------+---------+-------+---------
         Total |       0 |      56 |   0.0 |       0 |      26 |   0.0 |  1116
               +---------+---------+-------+---------+---------+-------+---------
           D:1 |       0 |      29 |   0.0 |       0 |      17 |   0.0 |   615
           D:2 |       0 |      27 |   0.0 |       0 |       9 |   0.0 |   501
               +---------+---------+-------+---------+---------+-------+---------
